Map: Eternal Empire LE

Players

ZipperTheFly

  • Race: Terran Terran
  • Spawn Location: 7:00

Kas - Winner!

  • Race: Terran Terran
  • Spawn Location: 1:00

Event: IEM Katowice 2020

VOD

Have the link to the VOD?

Description

Time

  • Played on: Feb. 24, 2020, 10:17 a.m.
  • Length: 20:12

All games in this series

Show
View Real Time Build Order
Export as new Build Order

ZipperTheFly Terran 

Build Orders: Mech 

Get SALT Encoding   

  12  0:00  SCV  
  13  0:13  Supply Depot  
  13  0:18  SCV  
  14  0:35  Barracks  
  14  0:41  Refinery  
  14  0:56  Barracks  
  14  1:01  SCV  
  15  1:13  SCV  
  16  1:26  Orbital Command  
  16  1:27  Reaper  
  17  1:41  Refinery  
  17  1:50  Reaper  
  17  1:51  SCV  
  18  2:02  Reaper  
  18  2:03  SCV  
  18  2:08  Supply Depot  
  20  2:15  SCV  
  21  2:23  Reaper  
  21  2:27  SCV  
  23  2:32  Factory  
  23  2:40  SCV, Reaper  
  25  2:49  Supply Depot  
  25  2:52  SCV  
  26  2:59  Reaper  
  26  3:04  SCV  
  28  3:12  Reaper  
  28  3:17  Hellion  
  28  3:18  Starport  
  31  3:20  SCV  
  31  3:24  Supply Depot  
  32  3:31  Reaper  
  33  3:42  Hellion  
  33  3:45  Reaper  
  36  3:56  Medivac  
  38  4:02  Command Center  
  38  4:07  Hellion  
  38  4:19  SCV  
  39  4:27  Starport Tech Lab  
  39  4:28  Factory Tech Lab  
  39  4:31  SCV  
  40  4:43  SCV  
  41  4:55  SCV  
  35  5:07  SCV  
  28  5:15  Raven, Cyclone  
  28  5:16  Orbital Command  
  28  5:18  Refinery  
  28  5:20  SCV  
  32  5:32  SCV, Command Center  
  33  5:36  Mag-Field Accelerator  
  33  5:42  SCV  
  34  5:44  SCV  
  34  5:47  Cyclone  
  38  5:50  Marine  
  38  5:54  SCV  
  38  5:56  SCV  
  41  6:02  Raven  
  43  6:05  Refinery  
  43  6:06  SCV  
  43  6:08  SCV  
  43  6:10  Marine  
  46  6:18  SCV  
  47  6:19  Cyclone  
  47  6:20  SCV  
  51  6:28  Marine  
  51  6:30  SCV  
  51  6:32  SCV, Supply Depot  
  54  6:43  SCV  
  54  6:44  SCV, Raven  
  54  6:46  Orbital Command  
  58  6:52  Cyclone  
  61  6:55  SCV  
  61  6:56  SCV  
  61  6:59  Supply Depot  
  63  7:01  Factory  
  63  7:07  SCV, Factory  
  64  7:08  SCV  
  65  7:18  Barracks Reactor  
  65  7:20  SCV x2  
  65  7:22  Armory  
  67  7:31  Orbital Command  
  67  7:32  SCV  
  67  7:33  SCV  
  69  7:39  Siege Tank  
  69  7:43  Supply Depot  
  69  7:44  SCV  
  73  7:45  SCV  
  73  7:47  Starport Reactor  
  74  7:52  Orbital Command  
  74  7:56  SCV  
  74  7:57  SCV  
  76  7:59  Siege Tank  
  84  8:05  Hellion x2  
  84  8:06  Factory  
  84  8:08  SCV  
  84  8:09  SCV  
  85  8:13  Siege Tank  
  88  8:20  SCV  
  88  8:21  SCV x2  
  91  8:33  SCV  
  90  8:36  SCV  
  90  8:37  Hellion x2  
  95  8:42  SCV, Siege Tank  
  95  8:43  Terran Vehicle Weapons Level 1  
  95  8:45  SCV  
  99  8:48  SCV  
  99  8:56  Siege Tank  
  99  8:57  Factory Reactor  
  99  8:59  Orbital Command  
  101  9:03  SCV  
  101  9:12  SCV, Hellion x2  
  101  9:13  Viking, Supply Depot  
  101  9:15  Factory  
  108  9:25  SCV  
  109  9:32  Engineering Bay  
  109  9:33  Armory  
  109  9:34  Viking, SCV  
  109  9:35  Refinery  
  112  9:40  Refinery  
  112  9:45  Siege Tank  
  102  9:46  Hellion x4, Siege Tank  
  105  9:57  SCV x2  
  107  10:01  Liberator  
  110  10:07  Command Center  
  110  10:08  Factory Tech Lab  
  110  10:10  Hellion  
  110  10:11  Hellion  
  114  10:15  Hellion  
  114  10:16  SCV  
  117  10:31  Supply Depot x2, Terran Vehicle And Ship Armor Level 1  
  117  10:39  SCV x2  
  117  10:41  Hellion  
  117  10:42  SCV, Siege Tank  
  116  10:48  Viking x2, Hellion x3  
  110  10:52  SCV  
  110  10:53  SCV  
  103  11:00  SCV  
  103  11:02  Starport  
  104  11:04  Terran Vehicle Weapons Level 2  
  104  11:06  Missile Turret x2  
  104  11:07  Missile Turret  
  104  11:08  Missile Turret  
  104  11:10  Sensor Tower  
  104  11:15  Siege Tank x2  
  110  11:31  Viking x2  
  110  11:32  Thor  
  117  11:47  Siege Tank  
  117  11:48  Hellion x3  
  126  11:55  Missile Turret  
  126  11:56  Missile Turret  
  126  11:59  Infernal Pre-Igniter  
  126  12:08  Hellion, Refinery, Siege Tank  
  126  12:10  Viking  
  126  12:12  Starport Reactor, Refinery  
  123  12:31  Supply Depot  
  123  12:34  Supply Depot  
  123  12:35  Missile Turret  
  123  12:36  Missile Turret, Siege Tank  
  116  12:42  Hellion x3  
  116  12:43  Hellion  
  116  12:44  SCV  
  114  12:51  Terran Vehicle And Ship Armor Level 2  
  114  12:55  Siege Tank x2  
  111  13:07  Command Center  
  111  13:11  Thor  
  117  13:24  Terran Vehicle Weapons Level 3  
  117  13:25  Viking  
  117  13:26  Viking  
  121  13:27  Viking x2  
  121  13:30  Siege Tank  
  128  13:39  Hellion x3  
  128  13:40  Hellion  
  136  13:46  Drilling Claws  
  136  13:55  Thor  
  140  14:05  Missile Turret x2, Thor  
  140  14:09  Supply Depot  
  146  14:10  Supply Depot  
  146  14:14  Hellion  
  148  14:19  Hellion  
  148  14:21  Viking x2  
  152  14:35  Viking x2  
  150  14:48  Thor  
  150  14:50  Thor  
  150  14:51  Viking x2  
  166  15:07  Hellion  
  166  15:08  Hellion x3  
  169  15:26  Liberator x2  
  173  15:36  Hellion x4  
  173  15:40  Planetary Fortress  
  148  15:53  Viking x2  
  148  15:55  Siege Tank x2  
  156  15:58  Refinery x2  
  156  15:59  SCV, Command Center  
  156  16:00  SCV x2  
  157  16:12  SCV  
  158  16:22  Viking  
  158  16:23  Viking x2  
  158  16:24  Viking  
  158  16:25  Hellion x4  
  174  16:29  Siege Tank  
  177  16:39  Missile Turret  
  174  16:40  Missile Turret  
  174  16:42  Missile Turret  
  174  16:45  Missile Turret  
  155  16:49  Thor  
  143  17:04  Hellion x2  
  143  17:05  Hellion x3  
  150  17:15  Command Center  
  150  17:26  Widow Mine x4  
  158  17:37  Thor  
  164  17:45  Thor  
  159  18:01  Viking  
  159  18:02  Viking x2  
  159  18:03  Hellion  
  159  18:04  Hellion x2  
  168  18:20  Thor  
  168  18:22  Thor  
  168  18:23  Hellion  
  174  18:37  Hellion  
  174  18:38  Hellion, Siege Tank  
  183  18:42  Command Center, Sensor Tower  
  183  18:46  Widow Mine x2  
  175  19:07  Widow Mine  
  167  19:14  Thor  
  167  19:15  Hellion  
  181  19:27  Missile Turret  
Show
View Real Time Build Order
Export as new Build Order

Kas Terran - Winner!

Build Orders:  

Get SALT Encoding   

  12  0:00  SCV  
  13  0:13  SCV  
  14  0:17  Supply Depot  
  14  0:25  SCV  
  15  0:29  Refinery  
  15  0:39  SCV  
  16  0:45  Barracks  
  16  0:51  SCV  
  17  1:03  SCV  
  18  1:15  SCV  
  19  1:30  SCV  
  20  1:35  Marine  
  20  1:41  Bunker, Factory  
  21  1:47  Orbital Command  
  21  1:53  Marine  
  21  1:57  Bunker  
  21  2:03  Supply Depot  
  21  2:14  SCV  
  22  2:16  Marine  
  23  2:25  Hellion  
  25  2:31  SCV  
  25  2:34  Marine  
  27  2:49  Command Center  
  27  2:53  Factory Tech Lab  
  28  2:58  SCV  
  28  3:02  Refinery  
  28  3:05  Supply Depot  
  29  3:11  Cyclone  
  31  3:21  Starport  
  31  3:26  SCV  
  32  3:32  Barracks Tech Lab  
  32  3:39  SCV  
  33  3:44  Cyclone  
  36  3:51  SCV  
  37  3:59  Barracks Reactor  
  37  4:03  SCV, Orbital Command  
  38  4:15  SCV  
  37  4:17  Viking  
  37  4:18  Cyclone  
  37  4:24  Orbital Command  
  42  4:27  SCV  
  43  4:37  Marine x2  
  45  4:38  Supply Depot  
  45  4:39  SCV  
  46  4:50  Siege Tank  
  46  4:51  SCV  
  50  4:55  Marine x2  
  50  4:59  SCV  
  53  5:03  SCV  
  51  5:13  Marine x2  
  44  5:17  SCV  
  44  5:19  SCV  
  46  5:25  Siege Tank  
  49  5:29  SCV  
  49  5:31  SCV, Marine x2  
  49  5:34  Supply Depot  
  53  5:38  Refinery  
  53  5:46  Raven  
  53  5:48  Marine  
  53  5:49  SCV x2, Marine  
  59  5:58  Command Center  
  59  6:01  SCV  
  59  6:03  SCV  
  61  6:06  Marine x2  
  61  6:07  Siege Tank  
  61  6:09  Supply Depot  
  66  6:14  SCV  
  66  6:15  SCV  
  66  6:17  Refinery  
  70  6:26  Engineering Bay x2  
  70  6:28  SCV  
  70  6:32  SCV  
  70  6:36  Barracks  
  70  6:38  Barracks  
  70  6:40  SCV  
  70  6:41  Siege Tank  
  70  6:42  Stimpack, Marine  
  70  6:43  Starport Reactor  
  75  6:49  SCV  
  75  6:52  SCV, Missile Turret  
  75  6:54  Missile Turret  
  77  6:57  Terran Infantry Weapons Level 1  
  77  7:01  SCV, Terran Infantry Armor Level 1  
  77  7:04  Marine  
  78  7:10  SCV  
  78  7:12  Orbital Command  
  78  7:13  Barracks  
  79  7:17  Barracks  
  79  7:19  SCV  
  79  7:22  SCV  
  80  7:28  Barracks Reactor  
  80  7:32  SCV  
  80  7:34  SCV, Orbital Command  
  72  7:39  Medivac x2, Marine x2  
  72  7:44  SCV  
  79  7:46  SCV  
  79  7:48  Armory, Marine  
  81  7:55  Siege Tank  
  81  7:56  SCV, Marine x2  
  88  7:58  SCV  
  88  8:01  SCV  
  88  8:04  Barracks Reactor  
  89  8:06  Marine x3  
  89  8:08  SCV, Barracks Reactor  
  93  8:17  Marine  
  93  8:30  Supply Depot x2  
  93  8:31  Supply Depot, Marine x3  
  93  8:35  Medivac, Marine  
  93  8:36  SCV  
  93  8:49  Supply Depot  
  93  8:50  Supply Depot x2  
  93  8:51  SCV x2, Medivac, Marine x2  
  93  8:52  Marauder  
  101  9:07  SCV x2  
  101  9:09  Command Center, Starport  
  101  9:10  Refinery  
  101  9:11  Refinery  
  101  9:13  SCV, Supply Depot, Marauder, Marine x2, Barracks Tech Lab  
  106  9:18  Concussive Shells  
  106  9:19  Marine x2  
  106  9:20  Marine  
  106  9:22  Siege Tank  
  106  9:23  SCV x2  
  114  9:27  SCV  
  114  9:29  Terran Infantry Weapons Level 2  
  115  9:32  Terran Infantry Armor Level 2  
  115  9:35  SCV, Marauder  
  111  9:46  Viking  
  111  9:47  Viking  
  111  9:49  Liberator  
  118  9:56  SCV x2  
  118  9:58  Sensor Tower  
  118  9:59  SCV  
  110  10:01  Marine x2  
  110  10:02  Marauder x2, Marine  
  110  10:03  Siege Tank  
  120  10:08  SCV x2  
  120  10:11  SCV  
  123  10:20  SCV, Marine  
  125  10:23  Marauder x2  
  129  10:29  Combat Shield  
  129  10:35  Siege Tank  
  109  10:44  Marauder x2  
  109  10:46  Marine x2  
  86  10:51  SCV x3  
  86  10:52  Orbital Command  
  86  10:55  Marine x2  
  91  11:03  SCV  
  91  11:04  SCV x2, Marine x2  
  94  11:06  Marauder x2, Marine  
  94  11:07  Barracks  
  94  11:10  Viking, Barracks x2  
  103  11:13  Siege Tank  
  103  11:15  SCV  
  103  11:16  SCV x2  
  109  11:23  Orbital Command  
  109  11:27  Marauder x2  
  109  11:28  SCV x3  
  109  11:29  Marine x4  
  115  11:40  SCV x3  
  115  11:44  Marine x2  
  115  11:45  Liberator  
  115  11:47  Marine  
  123  11:48  SCV, Marauder  
  123  11:49  Marauder  
  123  11:52  SCV x3  
  132  11:55  Command Center  
  132  12:01  Barracks Reactor, Barracks Tech Lab x2  
  131  12:04  SCV x2  
  132  12:10  Marauder  
  132  12:14  Bunker  
  134  12:15  Missile Turret  
  134  12:16  Marine x2  
  134  12:17  Marauder, Marine x4  
  134  12:19  Liberator  
  145  12:26  Marauder x2  
  149  12:31  Marauder  
  149  12:34  Marine x4  
  149  12:35  Marine x2  
  154  12:37  Marine  
  154  12:41  Refinery  
  154  12:42  Refinery, Liberator  
  154  12:44  Viking x2  
  159  12:52  Supply Depot x2  
  159  12:54  Supply Depot  
  152  13:01  Marauder x4  
  152  13:02  Marine  
  152  13:04  Marine x2  
  159  13:09  Fusion Core  
  159  13:12  SCV x2, Sensor Tower  
  161  13:15  Orbital Command  
  161  13:22  Viking x2, Marauder x4  
  161  13:24  Viking  
  161  13:26  Liberator  
  178  13:32  SCV  
  178  13:33  SCV  
  180  13:43  Terran Infantry Weapons Level 3, Terran Infantry Armor Level 3  
  180  13:45  Terran Ship Weapons Level 1  
  180  13:52  Liberator x2  
  180  13:55  Liberator  
  189  14:01  Advanced Ballistics  
  189  14:09  Marauder x4, Liberator  
  200  14:20  SCV x2  
  200  14:30  Marauder x2  
  199  14:34  SCV x2  
  199  14:35  SCV  
  200  14:58  Command Center x2  
  200  14:59  Unknown  
  193  15:26  Viking x3  
  193  15:27  Viking  
  187  15:33  Starport  
  187  15:35  Starport  
  175  15:46  Terran Vehicle And Ship Armor Level 1  
  175  15:49  Armory  
  150  15:52  Marauder x4, Marine x2  
  150  15:56  Viking x3  
  156  15:57  SCV  
  156  16:03  Marine x6  
  163  16:07  SCV  
  164  16:12  SCV  
  164  16:13  SCV x3, Marauder x3, Barracks  
  164  16:14  Orbital Command, Barracks  
  164  16:15  Orbital Command  
  164  16:17  Marauder  
  176  16:18  Starport Reactor x2  
  176  16:19  Liberator  
  179  16:26  Liberator  
  179  16:29  Liberator x2  
  179  16:31  SCV x2  
  190  16:35  Marauder x3  
  172  16:49  Command Center  
  172  16:50  Marauder  
  172  16:54  Marine x2  
  139  16:56  Marauder x3  
  143  17:01  SCV x7  
  143  17:04  Marine  
  147  17:12  Missile Turret, Marauder  
  147  17:13  SCV x4, Liberator x2  
  159  17:17  Marauder x2  
  159  17:18  Marauder  
  159  17:22  Marine x4  
  169  17:27  Medivac x2  
  169  17:28  Medivac x2  
  177  17:30  Rapid Reignition System  
  177  17:33  Barracks Reactor, Marauder  
  177  17:35  Barracks Tech Lab  
  179  17:39  Marauder x3  
  179  17:41  Liberator x2  
  191  17:55  Marauder x2  
  191  17:57  SCV x2  
  191  18:00  Marauder x3  
  194  18:06  Planetary Fortress  
  194  18:07  Refinery  
  191  18:16  Marauder  
  191  18:17  SCV x7  
  191  18:19  Liberator  
  199  18:29  SCV  
  199  18:31  Viking  
  200  18:39  Refinery  
  200  18:49  Command Center  
  200  18:54  Command Center  
  200  19:01  Viking  
  200  19:02  Viking x5  
  199  19:13  Command Center  
  199  19:23  SCV  
  200  19:28  Command Center  

Tags
 
Add a new tag
Caveats
  • Supply blocks, unpowered buildings, or Contaminate may cause inaccurate times.
  • Supply counts are checked every 10 seconds.